[Event "42nd Olympiad Baku 2016 Open"]
[Site "Baku"]
[Date "2016.09.04"]
[Round "3.35"]
[White "Wahid, Hussain"]
[Black "Lazov, Toni"]
[Result "1/2-1/2"]
[ECO "E92"]
[WhiteElo "2018"]
[BlackElo "2288"]
[Annotator ""]
[PlyCount "116"]
[EventDate "2016.??.??"]
[EventCountry "AZE"]
[SourceTitle "playchess.com"]
[Source "ChessBase"]
[WhiteTeam "Pakistan"]
[BlackTeam "Macedonia"]
[WhiteTeamCountry "PAK"]
[BlackTeamCountry "MKD"]
[TimeControl "40/5400+30:1800+30"]

1. d4 {(00:00)} Nf6 {(00:00)} 2. Nf3 {(00:00)} g6 {
(00:00)} 3. c4 {(00:10)} Bg7 {(00:02)} 4. Nc3 {(00:
24)} O-O {(00:42)} 5. e4 {(01:28)} d6 {(00:10)} 6. Be2 {
(00:14)} e5 {(02:49)} 7. dxe5 {(02:19)} dxe5 {(00:
32)} 8. Qxd8 {(00:11)} Rxd8 {(00:06)} 9. Bg5 {(00:36)} Re8
{(12:52)} 10. O-O-O {(03:41)} h6 {(09:01)} 11. Bh4 {
(07:43)} Na6 {(04:40)} 12. Nd2 {(09:21)} c6 {(05:
34)} 13. Nb3 {(00:55)} Be6 {(11:30)} 14. f3 {(05:58)} b6 {
(06:31)} 15. Bf2 {(04:22)} Bf8 {(02:18)} 16. Bg3 {(
03:26)} Nd7 {(05:19)} 17. Kb1 {(01:47)} Nac5 {(02:09)} 18.
Nc1 {(06:19)} a5 {(01:33)} 19. Rd2 {(04:10)} f5 {(
05:50)} 20. Rhd1 {(01:42)} f4 {(02:01)} 21. Bf2 {(00:23)}
g5 {(00:16)} 22. h4 {(05:11)} Be7 {(03:28)} 23. g4 {
(02:08)} fxg3 {(01:53)} 24. Bxg3 {(00:20)} gxh4 {(
00:05)} 25. Bf2 {(00:41)} Nf8 {(04:19)} 26. Rh1 {(02:47)}
Ng6 {(02:18)} 27. Nd1 {(00:44)} Rad8 {(02:30)} 28. Rc2 {
(01:49)} Kh7 {(04:00)} 29. Ne3 {(00:27)} Rf8 {(00:
22)} 30. Rh2 {(06:37)} Bg5 {(01:12)} 31. b3 {(04:09)} Rd7
{(03:51)} 32. a3 {(02:59)} Rdf7 {(00:44)} 33. Bd1 {
(02:09)} Rd7 {(00:49)} 34. Be2 {(00:14)} Rdf7 {(00:
00)} 35. Bd1 {(00:05)} Rxf3 {(04:48)} 36. Bxf3 {(00:36)}
Rxf3 37. Nf5 {(03:21)} Nxe4 {(01:52)} 38. Nxh4 {(01:48)}
Rxf2 {(00:29)} 39. Rcxf2 {(01:32)} Bxh4 {(00:29)} 40. Rf1
{(00:00)} Bg3 {(00:00)} 41. Rc2 {(02:27)} h5 {(07:
02)} 42. Ne2 {(00:50)} h4 {(00:33)} 43. Kb2 {(00:16)} Nf4
{(03:13)} 44. Ng1 {(00:28)} Kg6 {(02:49)} 45. Nf3 {
(00:39)} Nd3+ {(02:43)} 46. Ka1 {(00:25)} Nec5 {(
01:24)} 47. Ka2 {(00:58)} b5 {(05:32)} 48. Rh1 {(02:35)}
bxc4 {(02:04)} 49. bxc4 {(00:13)} e4 {(02:44)} 50. Nxh4+ {
(00:13)} Bxh4 {(02:42)} 51. Rxh4 {(00:11)} Ne5 {(
00:04)} 52. Kb2 {(00:40)} Nxc4+ {(02:36)} 53. Kc3 {(00:11]
} Kf6 {(01:44)} 54. Rh6+ {(00:53)} Ke5 {(00:28)} 55. Rxe6+
{(00:03)} Nxe6 {(01:03)} 56. Kxc4 {(00:09)} Nf4 {(
01:11)} 57. Kc5 {(04:51)} e3 {(00:17)} 58. Kxc6 {(00:35)}
e2 {(01:37)} 1/2-1/2

[Event "42nd Olympiad Baku 2016 Open"]
[Site "Baku"]
[Date "2016.09.04"]
[Round "3.9"]
[White "Weerawardane, Romesh"]
[Black "Sanon, Mondoly"]
[Result "1/2-1/2"]
[ECO "D35"]
[WhiteElo "2120"]
[BlackElo "2036"]
[Annotator ""]
[PlyCount "84"]
[EventDate "2016.??.??"]
[EventCountry "AZE"]
[SourceTitle "playchess.com"]
[Source "ChessBase"]
[WhiteTeam "Sri Lanka"]
[BlackTeam "Haiti"]
[WhiteTeamCountry "SRI"]
[BlackTeamCountry "HAI"]
[TimeControl "40/5400+30:1800+30"]

1. d4 {(00:00)} d5 {(00:00)} 2. c4 {(00:00)} e6 {(
01:11)} 3. Nc3 {(00:00)} Nf6 {(00:11)} 4. cxd5 {(00:01)}
Nxd5 {(00:15)} 5. e4 {(00:16)} Nxc3 {(00:45)} 6. bxc3 {
(00:06)} Be7 {(00:35)} 7. Nf3 {(00:52)} O-O {(01:
22)} 8. Bd3 {(00:55)} c5 {(00:11)} 9. O-O {(00:25)} cxd4 {
(01:42)} 10. cxd4 {(00:05)} Nc6 {(00:11)} 11. Be3 {
(03:13)} f5 {(02:15)} 12. exf5 {(06:15)} exf5 {(00:
11)} 13. Ne5 {(04:51)} Be6 {(03:51)} 14. Nxc6 {(00:44)}
bxc6 {(00:02)} 15. Qc2 {(00:39)} Qd7 {(00:07)} 16. Rfe1 {
(00:52)} Bd5 {(01:07)} 17. Bf4 {(03:09)} Rac8 {(06:
45)} 18. Ba6 {(01:46)} Rce8 {(00:34)} 19. Bd3 {(08:18)} g6
{(02:35)} 20. Rab1 {(08:57)} Bd6 {(03:18)} 21. Be5 {
(00:20)} Bxe5 {(00:52)} 22. dxe5 {(00:10)} f4 {(01:
12)} 23. f3 {(20:44)} Qc7 {(01:34)} 24. Qc5 {(15:29)} Re6
{(04:25)} 25. Qd4 {(10:05)} Bxa2 {(23:31)} 26. Ra1 {
(00:09)} c5 {(00:29)} 27. Qc3 {(03:59)} Bd5 {(00:
42)} 28. Ra5 {(00:08)} Rc6 {(08:09)} 29. Bb5 {(03:12)} Rb6
{(00:10)} 30. Bc4 {(03:42)} Qf7 {(04:01)} 31. Bxd5 {
(01:44)} Qxd5 {(01:46)} 32. Rxc5 {(00:11)} Qe6 {(
00:52)} 33. Rc7 {(00:50)} a6 {(00:51)} 34. Qd4 {(01:35)}
g5 {(01:27)} 35. Qd3 {(00:48)} Qg6 {(03:28)} 36. Qd7 {
(00:30)} Re6 {(01:29)} 37. h3 {(01:16)} Rf7 {(07:
59)} 38. Rc8+ {(00:19)} Kg7 {(00:10)} 39. Qd8 {(00:07)}
Qf5 {(03:15)} 40. Re4 {(00:00)} Kg6 {(00:00)} 41. Rc7 {
(10:54)} Rxc7 {(11:17)} 42. Qxc7 {(00:08)} Qf7 {(
00:13)} 1/2-1/2

[Event "42nd Olympiad Baku 2016 Open"]
[Site "Baku"]
[Date "2016.09.04"]
[Round "3.12"]
[White "Wilson, Brandon"]
[Black "Diermair, Andreas"]
[Result "0-1"]
[ECO "C77"]
[WhiteElo "2074"]
[BlackElo "2478"]
[Annotator ""]
[PlyCount "82"]
[EventDate "2016.??.??"]
[EventCountry "AZE"]
[SourceTitle "playchess.com"]
[Source "ChessBase"]
[WhiteTeam "Jamaica"]
[BlackTeam "Austria"]
[WhiteTeamCountry "JAM"]
[BlackTeamCountry "AUT"]
[TimeControl "40/5400+30:1800+30"]

1. e4 {(00:00)} e5 {(00:00)} 2. Nf3 {(00:00)} Nc6 {
(00:00)} 3. Bb5 {(00:00)} a6 {(00:00)} 4. Ba4 {(00:
00)} Nf6 {(00:00)} 5. Qe2 {(00:02)} b5 {(01:50)} 6. Bb3 {
(00:08)} Be7 {(00:10)} 7. c3 {(00:16)} O-O {(00:21]
} 8. d4 {(02:19)} d6 {(05:33)} 9. d5 {(01:00)} Na5 {
(02:01)} 10. Bc2 {(09:02)} c6 {(01:12)} 11. dxc6 {(
00:30)} Qc7 {(00:27)} 12. Bg5 {(01:53)} Nc4 {(07:42)} 13.
a4 {(04:42)} Be6 {(15:49)} 14. b3 {(15:38)} Na5 {(
00:38)} 15. Nfd2 {(01:46)} Qxc6 {(02:49)} 16. axb5 {(02:
02)} axb5 {(00:27)} 17. O-O {(01:09)} h6 {(05:08)} 18. Bh4
{(10:16)} Rfc8 {(03:01)} 19. f4 {(06:25)} exf4 {(
04:17)} 20. Bf2 {(05:44)} Ng4 {(05:57)} 21. Bd4 {(00:32)}
Ne3 {(02:12)} 22. Bxe3 {(03:56)} fxe3 {(00:05)} 23. Qxe3 {
(00:14)} Nc4 {(03:31)} 24. Nxc4 {(10:09)} Rxa1 {(
00:14)} 25. Nb6 {(00:36)} Qc5 {(05:06)} 26. Qxc5 {(05:24)}
Rxc5 {(00:03)} 27. Nd5 {(03:27)} Bxd5 {(01:06)} 28. exd5 {
(00:17)} Rxd5 {(00:25)} 29. Be4 {(03:11)} Re5 {(00:
25)} 30. Bf3 {(02:31)} Bd8 {(00:53)} 31. c4 {(00:22)} Bb6+
{(00:32)} 32. Kh1 {(00:12)} bxc4 {(03:02)} 33. bxc4 {
(00:58)} Bf2 {(01:32)} 34. g4 {(02:46)} Re1 {(03:
37)} 35. Kg2 {(00:15)} Rxf1 {(01:36)} 36. Kxf1 {(00:18)}
Bc5 {(00:46)} 37. Be4 {(00:15)} Bb4 {(00:26)} 38. h4 {
(03:08)} Ra2 {(00:29)} 39. h5 {(00:38)} Rb2 {(00:
11)} 40. Bf5 {(00:00)} Kf8 {(00:00)} 41. Be4 {(02:00)} Ke7
0-1

[Event "42nd Olympiad Baku 2016 Open"]
[Site "Baku"]
[Date "2016.09.04"]
[Round "3.17"]
[White "Winants, Luc"]
[Black "Fancy, Stuart"]
[Result "1-0"]
[ECO "B06"]
[WhiteElo "2558"]
[BlackElo "1995"]
[Annotator ""]
[PlyCount "41"]
[EventDate "2016.??.??"]
[EventCountry "AZE"]
[SourceTitle "playchess.com"]
[Source "ChessBase"]
[WhiteTeam "Belgium"]
[BlackTeam "Papua New Guinea"]
[WhiteTeamCountry "BEL"]
[BlackTeamCountry "PNG"]
[TimeControl "40/5400+30:1800+30"]

1. d4 {(00:00)} g6 {(00:00)} 2. e4 {(00:00)} Bg7 {(
00:00)} 3. Nc3 {(00:25)} c5 {(00:28)} 4. dxc5 {(00:26)}
Qa5 {(00:11)} 5. Bd2 {(00:17)} Qxc5 {(00:57)} 6. Nd5 {
(00:18)} Na6 {(09:41)} 7. Nf3 {(04:35)} e6 {(06:43]
} 8. Bc3 {(05:13)} Bxc3+ {(01:10)} 9. Nxc3 {(00:07)} Ne7 {
(12:12)} 10. Qd2 {(01:06)} f6 {(05:20)} 11. O-O-O {
(01:03)} O-O {(04:20)} 12. h4 {(01:07)} Rb8 {(03:
22)} 13. h5 {(00:55)} g5 {(01:05)} 14. e5 {(00:25)} h6 {
(09:10)} 15. Ne4 {(00:44)} Qb4 {(00:43)} 16. Nxf6+ {
(00:58)} Rxf6 {(00:18)} 17. exf6 {(00:33)} Qxd2+ {(
02:02)} 18. Nxd2 {(04:10)} Nd5 {(02:12)} 19. Ne4 {(00:12)}
b6 {(05:23)} 20. c4 {(00:44)} Ndb4 {(00:08)} 21. a3 {
(00:36)} 1-0

[Event "42nd Olympiad Baku 2016 Open"]
[Site "Baku"]
[Date "2016.09.04"]
[Round "3.33"]
[White "Wong, Brian"]
[Black "Alcid, Allan"]
[Result "1-0"]
[ECO "A00"]
[WhiteElo "2007"]
[BlackElo "1750"]
[Annotator ""]
[PlyCount "111"]
[EventDate "2016.??.??"]
[EventCountry "AZE"]
[SourceTitle "playchess.com"]
[Source "ChessBase"]
[WhiteTeam "HKG"]
[BlackTeam "PLW"]
[WhiteTeamCountry "HKG"]
[TimeControl "40/5400+30:1800+30"]

1. b4 {(00:00)} e5 {(00:31)} 2. Bb2 {(00:04)} d6 {(
00:41)} 3. c4 {(01:39)} a6 {(03:48)} 4. e3 {(01:06)} Nf6 {
(01:45)} 5. Nc3 {(01:05)} Bd7 {(00:56)} 6. Nf3 {(
02:07)} c6 {(02:55)} 7. a4 {(04:17)} Bg4 {(02:14)} 8. Be2
{(01:14)} Nbd7 {(00:51)} 9. h3 {(03:20)} Bh5 {(01:
36)} 10. Qb3 {(01:45)} h6 {(01:29)} 11. O-O {(00:33)} Be7
{(01:27)} 12. d4 {(01:37)} e4 {(02:56)} 13. Nd2 {(
00:18)} Bxe2 {(00:34)} 14. Nxe2 {(00:06)} d5 {(00:59)} 15.
cxd5 {(00:43)} cxd5 {(00:23)} 16. Nc3 {(01:25)} Nb6 {
(07:41)} 17. a5 {(01:12)} Nc4 {(00:16)} 18. Nxc4 {(
01:30)} dxc4 {(01:07)} 19. Qxc4 {(00:27)} Rc8 {(00:32)}
20. Qb3 {(00:25)} O-O {(01:04)} 21. Rfc1 {(02:05)} b5 {
(00:58)} 22. axb6 {(01:37)} Qxb6 {(00:29)} 23. Ra4 {
(05:28)} Rb8 {(03:28)} 24. Rca1 {(04:11)} a5 {(03:
19)} 25. b5 {(01:24)} Bb4 {(00:56)} 26. Ba3 {(01:27)} Bxc3
{(00:34)} 27. Qxc3 {(00:03)} Rfc8 {(01:22)} 28. Bc5 {
(03:58)} Qxb5 {(00:13)} 29. Rxa5 {(01:33)} Qd3 {(
03:09)} 30. Qxd3 {(02:10)} exd3 {(00:16)} 31. Rd1 {(02:39]
} Ne4 {(03:16)} 32. f3 {(02:11)} Nxc5 {(04:52)} 33. Rxc5 {
(00:13)} Rxc5 {(01:24)} 34. dxc5 {(00:04)} Rb3 {(
00:44)} 35. e4 {(01:15)} Rc3 {(02:10)} 36. Kf2 {(00:26)}
f6 {(01:48)} 37. Ke3 {(01:22)} Rxc5 {(01:30)} 38. Rxd3 {
(00:29)} Rc2 {(00:35)} 39. g3 {(00:18)} Kf7 {(00:
56)} 40. Rd7+ {(00:00)} Kg6 {(00:00)} 41. h4 {(01:39)}
Rc3+ {(02:30)} 42. Kf4 {(00:34)} h5 {(00:39)} 43. Rd8 {
(08:09)} Rc5 {(01:15)} 44. Rh8 {(10:57)} Rb5 {(03:
02)} 45. g4 {(01:16)} hxg4 {(00:47)} 46. Kxg4 {(03:06)}
Rb1 {(01:45)} 47. h5+ {(01:10)} Kf7 {(00:35)} 48. f4 {
(00:45)} Rg1+ {(01:24)} 49. Kf5 {(01:01)} Rg2 {(05:
47)} 50. Ra8 {(00:10)} Re2 {(04:33)} 51. Ra7+ {(00:40)}
Kf8 {(01:01)} 52. h6 {(01:19)} gxh6 {(03:24)} 53. Kxf6 {
(04:25)} Rxe4 {(00:18)} 54. Ra8+ {(00:30)} Re8 {(
00:15)} 55. Rxe8+ {(00:00)} Kxe8 {(00:10)} 56. Kg7 {(00:
00)} 1-0

[Event "42nd Olympiad Baku 2016 Open"]
[Site "Baku"]
[Date "2016.09.04"]
[Round "3.36"]
[White "Woodley, Adrian"]
[Black "Hanoeman, Suradj"]
[Result "0-1"]
[ECO "B43"]
[WhiteElo "1322"]
[BlackElo "2012"]
[Annotator ""]
[PlyCount "52"]
[EventDate "2016.??.??"]
[EventCountry "AZE"]
[SourceTitle "playchess.com"]
[Source "ChessBase"]
[WhiteTeam "Bermuda"]
[BlackTeam "Surinam"]
[WhiteTeamCountry "BER"]
[BlackTeamCountry "SUR"]
[TimeControl "40/5400+30:1800+30"]

1. e4 {(00:00)} c5 {(00:00)} 2. Nf3 {(00:00)} e6 {(
00:00)} 3. d4 {(00:00)} cxd4 {(00:00)} 4. Nxd4 {(00:00)}
a6 {(00:00)} 5. Nc3 {(01:02)} Qc7 {(00:00)} 6. a3 {
(04:00)} b5 {(00:29)} 7. Be2 {(02:22)} Bb7 {(00:32]
} 8. O-O {(00:37)} Nf6 {(00:37)} 9. Bf3 {(00:12)} d6 {
(00:28)} 10. Re1 {(01:27)} Nbd7 {(00:13)} 11. g3 {(
00:59)} Be7 {(01:31)} 12. Nb3 {(10:57)} O-O {(03:29)} 13.
Qd3 {(04:09)} Ne5 {(00:59)} 14. Qe2 {(00:34)} Rac8 {
(01:02)} 15. Bg2 {(04:40)} Rfd8 {(04:19)} 16. Bg5 {
(04:26)} h6 {(05:20)} 17. Bxf6 {(09:01)} Bxf6 {(00:
21)} 18. Nd2 {(00:04)} Ng6 {(05:25)} 19. e5 {(03:40)} Nxe5
{(01:58)} 20. Bxb7 {(00:12)} Qxb7 {(00:11)} 21. Rac1 {
(03:24)} Nc4 {(04:48)} 22. Nxc4 {(00:22)} Rxc4 {(
00:22)} 23. Red1 {(00:12)} Bxc3 {(01:15)} 24. bxc3 {(00:
07)} Rxc3 {(00:34)} 25. Rd3 {(00:19)} Qc6 {(00:32)} 26.
Rxc3 {(00:12)} Qxc3 {(00:05)} 0-1

[Event "42nd Olympiad Baku 2016 Open"]
[Site "Baku"]
[Date "2016.09.04"]
[Round "3.29"]
[White "Wynn Zaw Htun"]
[Black "Solomon, Kenny"]
[Result "1/2-1/2"]
[ECO "A05"]
[WhiteElo "2407"]
[BlackElo "2371"]
[Annotator ""]
[PlyCount "125"]
[EventDate "2016.??.??"]
[EventCountry "AZE"]
[SourceTitle "playchess.com"]
[Source "ChessBase"]
[WhiteTeam "Myanmar"]
[BlackTeam "South Africa"]
[WhiteTeamCountry "MYA"]
[BlackTeamCountry "RSA"]
[TimeControl "40/5400+30:1800+30"]

1. Nf3 {(00:22)} Nf6 {(00:00)} 2. g3 {(00:14)} d5 {
(00:00)} 3. Bg2 {(00:04)} c5 {(00:00)} 4. d3 {(00:
30)} Nc6 {(00:15)} 5. O-O {(00:16)} e5 {(03:48)} 6. Nbd2 {
(01:04)} Be7 {(01:27)} 7. e4 {(00:20)} d4 {(02:46)}
8. a4 {(02:47)} Nd7 {(19:49)} 9. Ne1 {(06:51)} h5 {
(01:41)} 10. f4 {(07:52)} h4 {(00:19)} 11. Nc4 {(
01:05)} hxg3 {(03:33)} 12. hxg3 {(00:04)} Nf6 {(05:46)}
13. fxe5 {(05:39)} Ng4 {(00:24)} 14. Nf3 {(08:51)} Be6 {
(03:46)} 15. Nd6+ {(03:42)} Bxd6 {(07:17)} 16. exd6 {
(00:10)} Qxd6 {(00:14)} 17. e5 {(04:42)} Ncxe5 {(
07:59)} 18. Bf4 {(01:20)} f6 {(02:28)} 19. Qe2 {(04:11)}
O-O-O {(10:48)} 20. Rae1 {(01:49)} Rh5 {(12:41)} 21. Nd2 {
(09:49)} Rdh8 {(01:25)} 22. Ne4 {(04:55)} Qe7 {(03:
22)} 23. c3 {(00:45)} Nh2 {(07:04)} 24. cxd4 {(06:03)}
cxd4 {(04:15)} 25. Rc1+ {(10:15)} Kd8 {(00:01)} 26. Nc5 {
(05:25)} Nxf1 {(00:49)} 27. Nxb7+ {(02:34)} Ke8 {(
00:02)} 28. Qxf1 {(03:52)} g6 {(01:29)} 29. Nc5 {(02:35)}
Bh3 {(00:30)} 30. Bxe5 {(00:57)} Bxg2 {(00:09)} 31. Qxf6 {
(01:23)} Qxf6 {(00:24)} 32. Bxf6 {(00:06)} Rh1+ {(
00:06)} 33. Kxg2 {(01:59)} R8h2+ {(00:01)} 34. Kf3 {(00:
06)} Rxc1 {(00:04)} 35. Bxd4 {(00:03)} Rhc2 {(00:30)} 36.
Ne4 {(01:02)} a6 {(01:19)} 37. Bc3 {(00:59)} Rf1+ {
(00:46)} 38. Ke3 {(00:09)} Ra1 {(01:00)} 39. Nc5 {(
01:14)} a5 {(00:07)} 40. Ke4 {(00:00)} Rg1 {(00:00)} 41.
Kf3 {(04:21)} Rb1 {(03:29)} 42. d4 {(03:49)} Ke7 {(
16:10)} 43. Bxa5 {(03:13)} Rbxb2 {(00:47)} 44. Bc7 {(01:
42)} Rb4 {(02:17)} 45. Be5 {(00:25)} Rc3+ {(00:11)} 46.
Kg2 {(00:35)} g5 {(05:12)} 47. Ne4 {(03:01)} Rc2+ {
(00:31)} 48. Kf3 {(00:57)} Rxa4 {(02:59)} 49. Nxg5 {
(00:26)} Ra3+ {(01:21)} 50. Kf4 {(02:21)} Rf2+ {(
00:53)} 51. Ke4 {(01:41)} Re2+ {(00:06)} 52. Kf4 {(00:32)}
Rf2+ {(01:37)} 53. Ke4 {(00:08)} Rg2 {(00:20)} 54. Kf5 {
(01:01)} Kd7 {(00:58)} 55. Ne4 {(00:59)} Rf3+ {(01:
23)} 56. Kg4 {(01:13)} Re3 {(00:40)} 57. Kf4 {(00:29)} Re1
{(00:32)} 58. Kf5 {(03:29)} Rf1+ {(00:24)} 59. Bf4 {
(01:35)} Rd1 {(00:40)} 60. Nf6+ {(00:45)} Kc6 {(00:
13)} 61. d5+ {(00:35)} Rxd5+ {(00:16)} 62. Nxd5 {(00:04)}
Kxd5 {(00:05)} 63. g4 {(00:25] Ke5+ Ke4+} 1/2-1/2

[Event "42nd Olympiad Baku 2016 Open"]
[Site "Baku"]
[Date "2016.09.04"]
[Round "3.29"]
[White "Yarmonov, Igor"]
[Black "Li, Hui"]
[Result "1-0"]
[ECO "E70"]
[WhiteElo "2398"]
[BlackElo "1964"]
[Annotator ""]
[PlyCount "65"]
[EventDate "2016.??.??"]
[EventCountry "AZE"]
[SourceTitle "playchess.com"]
[Source "ChessBase"]
[WhiteTeam "IPCA"]
[BlackTeam "MAC"]
[WhiteTeamCountry "UKR"]
[BlackTeamCountry "MAC"]
[TimeControl "40/5400+30:1800+30"]

1. d4 {(00:00)} Nf6 {(01:31)} 2. Nf3 {(00:45)} g6 {
(02:31)} 3. c4 {(02:57)} Bg7 {(05:06)} 4. Nc3 {(00:
22)} O-O {(00:15)} 5. e4 {(00:27)} d6 {(00:08)} 6. Bg5 {
(01:20)} c5 {(30:58)} 7. d5 {(02:23)} a6 {(09:26)}
8. Qd2 {(00:27)} Qa5 {(07:23)} 9. Bd3 {(02:40)} b5 {
(10:30)} 10. O-O {(02:26)} bxc4 {(03:01)} 11. Bxc4 {
(00:43)} Bg4 {(02:59)} 12. e5 {(01:10)} Bxf3 {(03:
23)} 13. exf6 {(00:42)} exf6 {(00:04)} 14. Bf4 {(00:29)}
Qb4 {(04:29)} 15. b3 {(00:45)} Bg4 {(00:46)} 16. Bxd6 {
(07:04)} Rd8 {(05:41)} 17. Bc7 {(01:15)} Rc8 {(02:
33)} 18. a3 {(02:30)} Qb7 {(00:18)} 19. Ba5 {(01:24)} Bf5
{(04:04)} 20. Qf4 {(04:44)} h5 {(01:53)} 21. h3 {(
10:03)} Qd7 {(01:05)} 22. Na4 {(01:01)} g5 {(00:28)} 23.
Qf3 {(04:09)} Bg6 {(00:46)} 24. Nb6 {(00:44)} Qb7 {
(00:37)} 25. Nxa8 {(02:52)} Qxa8 {(00:09)} 26. Rae1 {
(00:47)} Nd7 {(00:35)} 27. d6 {(01:31)} Qb8 {(02:
09)} 28. Qd5 {(06:51)} Bf8 {(00:36)} 29. Bc7 {(01:21)}
Rxc7 {(00:20)} 30. dxc7 {(00:20)} Qxc7 {(00:01)} 31. Re8 {
(00:59)} Kg7 {(01:09)} 32. Rd1 {(00:41)} Nb6 {(00:
35)} 33. Qd8 {(00:31)} 1-0

[Event "42nd Olympiad Baku 2016 Open"]
[Site "Baku"]
[Date "2016.09.04"]
[Round "3.5"]
[White "Yee, Soon Wei"]
[Black "Mannhart, Marcel"]
[Result "1-0"]
[ECO "B06"]
[WhiteElo "2293"]
[BlackElo "2128"]
[Annotator ""]
[PlyCount "65"]
[EventDate "2016.??.??"]
[EventCountry "AZE"]
[SourceTitle "playchess.com"]
[Source "ChessBase"]
[WhiteTeam "Brunei"]
[BlackTeam "Liechtenstein"]
[WhiteTeamCountry "BRN"]
[BlackTeamCountry "LIE"]
[TimeControl "40/5400+30:1800+30"]

1. e4 {(00:00)} g6 {(00:00)} 2. d4 {(00:00)} Bg7 {(
00:00)} 3. Nf3 {(00:34)} d6 {(00:07)} 4. h3 {(01:33)} Nd7
{(02:00)} 5. Nc3 {(01:49)} e5 {(09:48)} 6. dxe5 {(
01:54)} Nxe5 {(06:10)} 7. Nxe5 {(01:05)} dxe5 {(02:46)} 8.
Qxd8+ {(02:45)} Kxd8 {(00:09)} 9. Bg5+ {(03:59)} f6 {
(00:58)} 10. O-O-O+ {(00:51)} Bd7 {(00:44)} 11. Be3 {
(01:14)} c6 {(04:20)} 12. Nb5 {(11:45)} Bf8 {(18:
13)} 13. Bc4 {(04:53)} b6 {(10:37)} 14. Rd3 {(14:24)} Ke7
{(02:08)} 15. Rhd1 {(02:11)} Be8 {(09:15)} 16. Nc7 {
(02:25)} Rc8 {(00:55)} 17. Rd6 {(03:23)} Bh6 {(05:
57)} 18. Re6+ {(08:53)} Kf8 {(00:42)} 19. Bxh6+ {(01:18)}
Nxh6 {(00:10)} 20. Nxe8 {(00:31)} Rxe8 {(00:52)} 21. Rxf6+
{(00:32)} Kg7 {(00:25)} 22. Rxc6 {(00:14)} Re7 {(
00:11)} 23. Rcd6 {(01:42)} Rc8 {(02:05)} 24. Rd7 {(00:19)}
Rc7 {(00:06)} 25. Rxe7+ {(00:40)} Rxe7 {(00:02)} 26. Rd6 {
(00:52)} Nf7 {(01:13)} 27. Bxf7 {(00:33)} Kxf7 {(
00:01)} 28. Kd2 {(00:34)} Rc7 {(00:09)} 29. Kd3 {(00:45)}
Ke7 {(00:02)} 30. Rd5 {(00:11)} Ke6 {(00:09)} 31. a4 {
(00:37)} Rf7 {(03:17)} 32. f3 {(00:11)} Rc7 {(00:
18)} 33. b4 {(00:48] Kxd5} 1-0

[Event "42nd Olympiad Baku 2016 Women"]
[Site "Baku"]
[Date "2016.09.04"]
[Round "3.3"]
[White "Zatonskih, Anna"]
[Black "Zhukova, Natalia"]
[Result "1/2-1/2"]
[ECO "C48"]
[WhiteElo "2449"]
[BlackElo "2475"]
[Annotator ""]
[PlyCount "60"]
[EventDate "2016.??.??"]
[EventCountry "AZE"]
[SourceTitle "playchess.com"]
[Source "ChessBase"]
[WhiteTeam "United States"]
[BlackTeam "Ukraine"]
[WhiteTeamCountry "USA"]
[BlackTeamCountry "UKR"]
[TimeControl "40/5400+30:1800+30"]

1. e4 {(00:00)} e5 {(00:00)} 2. Nf3 {(00:07)} Nc6 {
(00:00)} 3. Nc3 {(00:35)} Nf6 {(00:24)} 4. Bb5 {(
00:44)} Bc5 {(15:51)} 5. O-O {(29:40)} O-O {(07:21)} 6.
Nxe5 {(07:32)} Nxe5 {(00:37)} 7. d4 {(00:03)} Bd6 {
(10:45)} 8. f4 {(15:14)} Nc6 {(04:47)} 9. e5 {(02:
30)} Be7 {(07:50)} 10. d5 {(13:36)} Nb4 {(11:50)} 11. exf6
{(07:32)} Bxf6 {(00:09)} 12. Ne4 {(09:27)} c6 {(07:
25)} 13. Nxf6+ {(01:23)} Qxf6 {(00:20)} 14. Bc4 {(00:09)}
b5 {(10:21)} 15. Bb3 {(00:07)} Nxd5 {(00:07)} 16. Bxd5 {
(00:25)} cxd5 {(00:05)} 17. c3 {(05:45)} Re8 {(04:
07)} 18. Qxd5 {(01:03)} Qb6+ {(03:45)} 19. Qd4 {(00:25)}
Qc6 {(01:31)} 20. Qf2 {(01:34)} Bb7 {(01:19)} 21. Bd2 {
(00:29)} Re4 {(01:04)} 22. Rfe1 {(00:48)} Rae8 {(
00:34)} 23. Rxe4 {(00:15)} Rxe4 {(00:04)} 24. Re1 {(00:09]
} h6 {(03:46)} 25. h3 {(00:54)} a5 {(01:11)} 26. a3 {
(00:27)} Rxe1+ {(01:18)} 27. Bxe1 {(00:00)} Qe4 {(
00:26)} 28. Kh2 {(00:41)} Bc6 {(00:38)} 29. Bd2 {(00:20)}
Qc2 {(01:08)} 30. Be3 {(00:09)} Qxf2 {(00:10)} 1/2-1/2

[Event "42nd Olympiad Baku 2016 Women"]
[Site "Baku"]
[Date "2016.09.04"]
[Round "3.3"]
[White "Zhao, Xue"]
[Black "Nguyen, Thi Mai Hung"]
[Result "0-1"]
[ECO "A06"]
[WhiteElo "2522"]
[BlackElo "2316"]
[Annotator ""]
[PlyCount "104"]
[EventDate "2016.??.??"]
[EventCountry "AZE"]
[SourceTitle "playchess.com"]
[Source "ChessBase"]
[WhiteTeam "China"]
[BlackTeam "Vietnam"]
[WhiteTeamCountry "CHN"]
[BlackTeamCountry "VIE"]
[TimeControl "40/5400+30:1800+30"]

1. Nf3 {(00:00)} d5 {(00:00)} 2. c4 {(00:00)} c6 {(
00:00)} 3. e3 {(00:14)} Nf6 {(01:00)} 4. b3 {(00:13)} Bg4
{(02:26)} 5. Bb2 {(00:43)} e6 {(00:18)} 6. h3 {(03:
20)} Bh5 {(00:50)} 7. Be2 {(02:01)} Nbd7 {(01:03)} 8. Nc3
{(04:49)} Bd6 {(01:01)} 9. cxd5 {(14:33)} exd5 {(
02:21)} 10. g4 {(02:20)} Bg6 {(00:28)} 11. g5 {(05:26)}
Ne4 {(06:40)} 12. h4 {(00:19)} h6 {(05:01)} 13. d3 {
(07:06)} Nxc3 {(08:25)} 14. Bxc3 {(00:04)} hxg5 {(
00:21)} 15. Nxg5 {(00:03)} f6 {(06:50)} 16. Nf3 {(01:36)}
Qe7 {(00:50)} 17. Rg1 {(08:30)} Qf7 {(03:00)} 18. Kd2 {
(09:22)} Ne5 {(12:12)} 19. Nd4 {(09:45)} Rxh4 {(06:
12)} 20. f4 {(00:42)} Nd7 {(00:24)} 21. Rg2 {(07:48)} Bh7
{(11:09)} 22. Qg1 {(04:34)} g6 {(04:39)} 23. Rf1 {(
07:44)} O-O-O {(02:26)} 24. Bg4 {(00:32)} Qe7 {(02:15)}
25. Nc2 {(04:00)} Kb8 {(01:13)} 26. Qf2 {(00:13)} Rh6 {
(01:49)} 27. Rfg1 {(01:34)} Nc5 {(02:39)} 28. Be2 {
(00:14)} Ne6 {(08:44)} 29. Kc1 {(00:04)} Rf8 {(00:
58)} 30. Qf1 {(03:42)} g5 {(01:00)} 31. fxg5 {(00:15)}
fxg5 {(00:20)} 32. Qd1 {(00:01)} Rh2 {(01:20)} 33. Rxh2 {
(00:32)} Bxh2 {(00:03)} 34. Rh1 {(00:04)} Bd6 {(00:
38)} 35. Rh6 {(01:13)} Nc5 {(02:16)} 36. Kd2 {(03:03)} g4
{(03:04)} 37. Qh1 {(00:59)} Bxd3 {(02:11)} 38. Bxd3 {
(00:30)} Rf2+ {(00:08)} 39. Be2 {(00:06)} Ne4+ {(
00:15)} 40. Kd3 {(00:00)} Nc5+ {(00:00)} 41. Kd2 {(00:22)}
Ne4+ {(00:26)} 42. Kd3 {(00:08)} Ng3 {(06:50)} 43. Rh8+ {
(12:42)} Kc7 {(00:42)} 44. Qh7 {(02:05)} Nxe2 {(01:
05)} 45. Ba5+ {(02:49)} b6 {(01:29)} 46. Bd2 {(00:05)} g3
{(04:30)} 47. Nd4 {(07:16)} Rf7 {(08:17)} 48. Qh3 {
(03:57)} Qe4+ {(00:45)} 49. Kxe2 {(00:04)} Rf2+ {(
00:08)} 50. Kd1 {(00:05)} Qb1+ {(00:07)} 51. Bc1 {(00:05)}
Qd3+ {(00:08)} 52. Bd2 {(00:45)} Qxd2# {(00:09)} 0-1